 Dungeon Crawl Stone Soup version 0.26.1-11-gd32895ea62 (webtiles) character file.

Game seed: 17649025021133300651

1603 Zeld the Charlatan (level 8, 0/52 HPs)
             Began as an Octopode Artificer on May 17, 2021.
             Was an Initiate of Nemelex Xobeh.
             Slain by a killer bee (4 damage)
             ... on level 7 of the Dungeon.
             The game lasted 00:08:27 (9737 turns).

Zeld the Charlatan (Octopode Artificer)             Turns: 9737, Time: 00:08:28

Health: 0/52       AC:  1    Str: 13    XL:     8   Next: 94%
Magic:  8/8        EV: 15    Int: 13    God:    Nemelex Xobeh [......]
Gold:   284        SH:  0    Dex: 13    Spells: 7/7 levels left

rFire    . . .     SeeInvis .   t - +1 long sword
rCold    . . .     Faith    .   (no shield)
rNeg     . . .     Spirit   .   (helmet restricted)
rPois    .         Reflect  .   j - amulet of regeneration
rElec    .         Harm     .   (no ring)
rCorr    .         Rampage  .   (no ring)
Will     .....                  (no ring)
Stlth    ++........             (no ring)
HPRegen  0.57/turn              (no ring)
MPRegen  0.11/turn              (no ring)
                                (no ring)
                                (no ring)

@: confused, lethally poisoned (0 -> -17)
A: almost no armour, stealthy swim, amphibious, 8 rings, constrict 8, camouflage
1, gelatinous body 1
a: Renounce Religion, Draw Escape, Draw Destruction, Draw Summoning


You were on level 7 of the Dungeon.
You worshipped Nemelex Xobeh.
Nemelex Xobeh was noncommittal.
You visited 2 branches of the dungeon, and saw 8 of its levels.

You collected 464 gold pieces.
You spent 180 gold pieces at shops.

Inventory:

Hand Weapons
 t - a +1 long sword (weapon)
Jewellery
 j - an amulet of regeneration (around mantle)
Wands
 b - a wand of flame (17) (quivered)
 c - a wand of enslavement (20)
 d - a wand of random effects (25)
 o - a wand of iceblast (5)
Scrolls
 a - a scroll of random uselessness {unknown}
 g - 11 scrolls of remove curse
 i - 5 scrolls of teleportation
 m - 2 scrolls of magic mapping
 n - 2 scrolls of enchant armour
 r - a scroll of amnesia
 w - a scroll of blinking
Potions
 e - a potion of heal wounds {unknown}
 h - 5 potions of curing {unknown}
 k - 2 potions of mutation {unknown}
 l - 6 potions of lignification {unknown}
 p - 2 potions of might {unknown}
 q - 2 potions of haste {unknown}
 s - 2 potions of degeneration {unknown}
 u - a potion of brilliance {unknown}
 v - 2 potions of resistance {unknown}
 z - a potion of magic {unknown}


   Skills:
 - Level 3.5 Fighting
 * Level 7.3 Long Blades
 - Level 4.1 Dodging
 - Level 1.3 Stealth
 + Level 7.6 Evocations


You had 7 spell levels left.
You didn't know any spells.
Your spell library contained the following spells:

 Spells                   Type           Power        Failure   Level
 Beastly Appendage        Tmut           0%           30%         1
 Wereblood                Tmut           0%           43%         2
 Spider Form              Tmut/Pois      0%           67%         3
 Ice Form                 Ice/Tmut       0%           97%         4
 Blade Hands              Tmut           0%           100%        5


Dungeon Overview and Level Annotations

Branches:
Dungeon (7/15)             Temple (1/1) D:6

Altars:
Ashenzari
Dithmenos
Elyvilon
Fedhas
Gozag
Hepliaklqana
Kikubaaqudgha
Makhleb
Nemelex Xobeh
Qazlal
Ru
Sif Muna
Trog
Uskayaw
Vehumet
Xom
Yredelemnul
Zin
The Shining One

Shops:
D:5 *   D:6 =


Innate Abilities, Weirdness & Mutations

You cannot wear most types of armour.
You are very stealthy in the water. (Stealth+)
You are amphibious.
You can wear up to eight rings at the same time.
You can use your tentacles to constrict eight enemies at once.
Your skin changes colour to match your surroundings (Stealth+).
Your rubbery body absorbs attacks. (AC +1, EV +1)


Message History

You are too injured to fight recklessly!
Unknown command.
You are too injured to fight recklessly!
You are confused.
You feel invigorated.
You constrict the killer bee. x3
You kill the killer bee!
You feel sick. The killer bee closely misses you. x2
The killer bee stings you!
* * * LOW HITPOINT WARNING * * *
You are more poisoned.
The killer bee poisons you! The killer bee stings you.
* * * LOW HITPOINT WARNING * * *
The killer bee barely misses you.
Unknown command.
You bump into the rock wall.
You constrict the killer bee. x2
* * * LOW HITPOINT WARNING * * *
You feel very sick. The killer bee completely misses you.
The killer bee stings you.
You die...
Your body disappears without a glow.

#...# #.#
########....##
#..
#...$.........
##.
.....>.....y.
## #..$.<.....
# #...# #.5##
#yy# #y@# #..#
..### ##.##
#..( #..##
#### #...##
##...## ###..#
#..# ##.# ###


You could see 3 killer bees and a quasit.

Vanquished Creatures
  Menkaure (D:5)
  A sky beast (Temple)
  A black bear (D:7)
  2 ogres (D:7)
  2 centaurs
  A big kobold (D:3)
  A bullfrog (D:6)
  A scorpion (D:7)
  3 killer bees (D:7)
  2 hounds
  A jelly (D:6)
  A bullfrog skeleton (D:7)
  An orc priest (D:6)
  2 centaur skeletons (D:6)
  An iguana (D:7)
  2 orc wizards (D:6)
  6 worker ants
  7 adders
  2 shadow imps
  A white imp (D:7)
  An adder zombie (D:6)
  2 adder skeletons (D:5)
  A worm (D:2)
  2 dart slugs (D:1)
  3 leopard geckos
  21 orcs
  5 giant cockroaches
  5 hobgoblins
  9 jackals
  2 quokkas
  A ball python (D:1)
  7 bats
  3 frilled lizards
  6 goblins
  A jackal skeleton (D:6)
  9 kobolds
  2 quokka skeletons
  4 rats
  A spectral orc (D:3)
124 creatures vanquished.

Vanquished Creatures (collateral kills)
  2 jackals (D:1)
2 creatures vanquished.

Vanquished Creatures (others)
  A bullfrog (D:7)
  An ufetubus (D:7)
  A jackal (D:1)
3 creatures vanquished.

Grand Total: 129 creatures vanquished

Notes
Turn   | Place    | Note
-------+----------+-------------------------------------------
     0 | D:1      | Zeld the Octopode Artificer began the quest for the Orb.
     0 | D:1      | Reached XP level 1. HP: 13/13 MP: 1/1
   499 | D:1      | Reached XP level 2. HP: 16/18 MP: 2/2
  1089 | D:1      | Reached XP level 3. HP: 23/24 MP: 3/3
  1918 | D:2      | Found a burning altar of Makhleb.
  2223 | D:2      | Reached XP level 4. HP: 29/29 MP: 4/4
  2398 | D:2      | Found a white marble altar of Elyvilon.
  2492 | D:2      | Found a glowing golden altar of the Shining One.
  2744 | D:2      | Found a shadowy altar of Dithmenos.
  2962 | D:3      | Reached XP level 5. HP: 15/35 MP: 5/5
  3582 | D:3      | Found a basalt altar of Yredelemnul.
  3926 | D:3      | Noticed a big kobold
  3935 | D:3      | Killed a big kobold
  4561 | D:4      | Reached XP level 6. HP: 11/42 MP: 6/6
  4748 | D:4      | Reached skill level 5 in Evocations
  5824 | D:5      | Entered Level 5 of the Dungeon
  5824 | D:5      | Noticed Menkaure
  5830 | D:5      | Killed Menkaure
  6003 | D:5      | Found Zosazeage's Assorted Antiques.
  6006 | D:5      | Bought a dark potion for 24 gold pieces
  6006 | D:5      | Bought a black potion for 24 gold pieces
  6006 | D:5      | Bought a red potion for 24 gold pieces
  6006 | D:5      | Bought a scroll labelled ODOBRI EQALU for 27 gold pieces
  6006 | D:5      | Bought a scroll labelled AVUAJORUSK for 27 gold pieces
  6006 | D:5      | Bought a scroll labelled DOCUSE SAULAVA for 27 gold pieces
  6006 | D:5      | Bought a scroll labelled ODOBRI EQALU for 27 gold pieces
  6249 | D:5      | Reached XP level 7. HP: 21/46 MP: 7/7
  6744 | D:5      | Found a glowing silver altar of Zin.
  6770 | D:4      | Found a bloodstained altar of Trog.
  6905 | D:6      | Found a hide-covered altar of Uskayaw.
  7307 | D:6      | Found a staircase to the Ecumenical Temple.
  7313 | Temple   | Entered the Ecumenical Temple
  7344 | Temple   | Became a worshipper of Nemelex Xobeh the Trickster
  8009 | D:6      | Found Udwej Sutha's Jewellery Shop.
  8563 | D:6      | Reached XP level 8. HP: 50/52 MP: 8/8
  8579 | D:6      | Reached skill level 5 in Long Blades
  8668 | D:6      | Found a broken altar of Ashenzari.
  8801 | D:6      | Found a shimmering blue altar of Sif Muna.
  9380 | D:7      | Found a sparkling altar of Nemelex Xobeh.
  9736 | D:7      | HP: 1/52 [killer bee (6)]
  9737 | D:7      | Slain by a killer bee

Illustrated notes

Levels and vault maps discovered:
D:1:      onia_arrival_pyramid, layout_basic, minmay_split_cup_small
D:2:      layout_rooms, old_standard_altar, elyvilon_altar_1,
          general_overflow_altar, nicolae_overflow_crystal_walls
D:3:      layout_basic, yredelemnul_forgotten_temple_becter
D:4:      layout_loops_ring, nicolae_overflow_hidden_temple
D:5:      layout_loops_ring, overflow_temple_1_default, serial_shops,
          kennysheep_mini, uniq_menkaure
D:6:      layout_basic, marbit_many_paths, tgw_sif,
          eat_drink_and_be_merry_uskayaw, minmay_temple_entry_arrows,
          serial_shops, nicolae_shop_behind_doors
D:7:      layout_layer_cave, basic_altar
Temple:   nicolae_temple_figure_zero

Skill      XL: |  1  2  3  4  5  6  7  8 |
---------------+-------------------------+-----
Fighting       | 2 3 |  3.5
Dodging        | 3 4 |  4.1
Evocations     | 4 5 6 7 |  7.6
Long Blades    | 3 4 7 |  7.3
Stealth        | |  1.3

Action                   |  1- 3 |  4- 6 |  7- 9 || total
-------------------------+-------+-------+-------++-------
Melee: Unarmed           |   112 |   115 |       ||   227
       Constrict         |    35 |    36 |    36 ||   107
       Tentacles         |    22 |    39 |    23 ||    84
       Long sword        |       |    21 |    99 ||   120
Evoke: Wand              |     9 |       |    13 ||    22
  Use: Potion            |       |     1 |     1 ||     2
       Scroll            |       |       |    10 ||    10
 Stab: Paralysed         |     2 |       |       ||     2
       Sleeping          |     3 |    10 |     5 ||    18
Armor: Skin              |    19 |     6 |     2 ||    27
Dodge: Dodged            |   104 |    89 |   121 ||   314
       Rpst.: Long sword |       |     7 |    39 ||    46
